Map: Apotheosis LE

Players

BubblePop - Winner!

  • Race: Protoss Protoss

Gracz

  • Race: Zerg Zerg
  • League: Silver

VOD

Have the link to the VOD?

Description

Time

  • Played on: Oct. 22, 2016, 3:46 p.m.
  • Length: 11:59
Show
View Real Time Build Order
Export as new Build Order

BubblePop Protoss - Winner!

Build Orders:  

Get SALT Encoding   

  12  0:01  Probe (Chrono Boost)  
  13  0:11  Probe (Chrono Boost)  
  14  0:20  Pylon  
  14  0:25  Probe (Chrono Boost)  
  15  0:39  Probe (Chrono Boost)  
  16  0:49  Probe (Chrono Boost)  
  17  0:50  Forge  
  17  1:00  Assimilator, Probe (Chrono Boost)  
  18  1:11  Pylon  
  18  1:13  Probe (Chrono Boost)  
  19  1:27  Gateway, Probe (Chrono Boost)  
  19  1:30  Photon Cannon  
  20  1:38  Probe (Chrono Boost)  
  21  1:57  Unknown, Nexus  
  21  2:07  Probe (Chrono Boost)  
  22  2:15  Cybernetics Core  
  22  2:20  Photon Cannon  
  22  2:22  Probe (Chrono Boost)  
  23  2:29  Zealot  
  25  2:42  Probe (Chrono Boost)  
  26  2:49  Assimilator  
  26  2:59  Probe (Chrono Boost)  
  27  3:07  Pylon  
  27  3:09  Unknown  
  26  3:23  Probe x2 (Chrono Boost)  
  28  3:32  Stargate  
  28  3:34  Probe x2 (Chrono Boost)  
  30  3:43  Pylon  
  30  3:46  Probe (Chrono Boost)  
  31  3:49  Assimilator  
  31  3:50  Protoss Ground Weapons Level 1, Probe (Chrono Boost)  
  31  3:52  Assimilator  
  32  3:57  Probe (Chrono Boost), Zealot  
  32  4:02  Probe (Chrono Boost)  
  36  4:10  Void Ray  
  40  4:19  Probe (Chrono Boost)  
  40  4:20  Probe (Chrono Boost)  
  42  4:28  Zealot  
  44  4:33  Probe (Chrono Boost)  
  44  4:35  Probe (Chrono Boost)  
  46  4:41  Warp Gate  
  46  4:44  Probe (Chrono Boost)  
  47  4:48  Void Ray  
  47  4:57  Zealot  
  55  5:01  Probe x2 (Chrono Boost)  
  55  5:03  Pylon  
  55  5:16  Probe (Chrono Boost)  
  55  5:17  Probe (Chrono Boost)  
  57  5:21  Unknown, Nexus  
  57  5:22  Pylon  
  57  5:26  Pylon  
  57  5:37  Twilight Council  
  57  5:44  Photon Cannon  
  57  5:49  Gateway  
  57  5:53  Probe x2 (Chrono Boost)  
  61  6:05  Probe x2 (Chrono Boost)  
  61  6:17  Probe (Chrono Boost)  
  62  6:32  Unknown  
  58  6:56  Probe x2 (Chrono Boost)  
  58  6:59  Templar Archives  
  64  7:03  Gateway  
  64  7:04  Gateway  
  64  7:07  Gateway  
  66  7:08  Probe x2 (Chrono Boost)  
  66  7:14  Pylon  
  62  7:20  Probe x2 (Chrono Boost), Photon Cannon  
  62  7:21  Probe (Chrono Boost)  
  59  7:30  Probe (Chrono Boost)  
  59  7:34  Robotics Facility  
  59  7:35  Robotics Facility  
  59  7:36  Pylon  
  56  7:37  High Templar x2  
  56  7:41  Probe (Chrono Boost)  
  61  7:46  Photon Cannon  
  61  7:48  Photon Cannon  
  61  7:50  Psionic Storm, Photon Cannon  
  61  7:51  Probe (Chrono Boost)  
  61  7:53  Photon Cannon  
  61  7:55  Pylon, Photon Cannon  
  61  7:57  Pylon  
  62  8:00  Protoss Ground Weapons Level 2  
  62  8:01  Void Ray  
  66  8:11  Probe (Chrono Boost)  
  66  8:12  Probe (Chrono Boost)  
  68  8:22  Assimilator  
  68  8:25  Assimilator, High Templar x5  
  78  8:27  Pylon  
  78  8:28  Charge  
  78  8:29  Immortal x2  
  86  8:44  Pylon  
  86  9:00  High Templar x2  
  86  9:01  Zealot x2  
  86  9:02  Zealot  
  96  9:04  Unknown, Nexus, Archon  
  96  9:06  Pylon  
  96  9:13  Immortal x2  
  104  9:32  Zealot x4  
  112  9:39  Photon Cannon  
  112  9:42  Photon Cannon  
  112  9:45  Photon Cannon  
  112  9:48  Photon Cannon  
  112  9:50  Archon x2  
  112  9:51  Immortal, Archon  
  112  9:52  Immortal  
  85  10:12  Stalker x4  
  85  10:13  Stalker  
  93  10:15  Unknown  
  93  10:17  Probe x2 (Chrono Boost)  
  91  10:24  Probe (Chrono Boost), Photon Cannon  
  92  10:34  Probe (Chrono Boost)  
  93  10:45  Probe (Chrono Boost)  
  94  10:55  Probe (Chrono Boost)  
  95  10:58  High Templar x5  
  95  11:03  Assimilator  
  95  11:04  Unknown, Nexus  
  105  11:07  Assimilator, Pylon  
  105  11:10  Pylon  
  105  11:18  Probe x2 (Chrono Boost)  
  107  11:26  Robotics Bay  
  107  11:28  Photon Cannon  
  107  11:29  Photon Cannon  
  107  11:31  Gateway x2  
  107  11:34  Gateway  
  107  11:37  Stalker x4  
Show
View Real Time Build Order
Export as new Build Order

Gracz Zerg 

Build Orders: Hatch First 

Get SALT Encoding   

  12  0:01  Drone  
  13  0:10  Drone  
  14  0:25  Overlord  
  14  0:45  Drone  
  14  0:48  Unknown, Hatchery  
  14  0:53  Drone x2  
  16  1:13  Spawning Pool  
  16  1:17  Extractor, Drone  
  16  1:18  Drone  
  16  1:27  Overlord  
  16  1:40  Drone  
  17  1:51  Drone x2  
  19  1:59  Unknown  
  19  2:10  Spine Crawler  
  19  2:14  Zergling x4  
  19  2:15  Spine Crawler  
  19  2:21  Extractor  
  18  2:29  Queen  
  19  2:40  Drone  
  19  2:41  Drone  
  20  2:54  Metabolic Boost  
  20  2:59  Drone x3  
  23  3:32  Lair  
  23  3:34  Roach Warren  
  23  3:37  Drone x3  
  25  3:55  Drone x3  
  28  4:50  Nydus Network  
  27  4:56  Queen  
  29  5:07  Hydralisk Den  
  28  5:32  Unknown, Hatchery  
  28  5:35  Queen  
  29  5:44  Overlord x3  
  27  6:43  Hydralisk  
  27  6:44  Hydralisk x3, Unknown  
  33  6:48  Queen  
  33  7:12  Queen  
  35  7:24  Queen  
  37  7:34  Drone x3  
  40  7:48  Queen  
  42  7:52  Evolution Chamber  
  41  7:59  Queen  
  41  8:04  Zergling x2  
  41  8:05  Zergling x4  
  46  8:11  Roach x3  
  52  8:19  Evolution Chamber  
  51  8:21  Drone  
  52  8:34  Roach  
  54  8:35  Queen  
  54  8:36  Queen  
  54  8:38  Drone x2  
  60  8:47  Zerg Melee Weapons Level 1  
  60  8:48  Zerg Ground Armor Level 1  
  60  8:53  Overlord x2  
  60  9:04  Nydus Canal  
  60  9:14  Hydralisk x2  
  60  9:15  Hydralisk x3  
  70  9:36  Drone x5  
  58  10:14  Roach x7  
  58  10:29  Overlord x2  
  58  10:44  Pneumatized Carapace  
  58  10:46  Hydralisk x3  
  58  10:47  Queen  
  66  10:52  Drone  
  67  11:02  Infestation Pit  
  66  11:10  Extractor, Drone x2  
  66  11:11  Extractor, Drone x2  
  67  11:16  Unknown, Hatchery  
  67  11:23  Queen  
  69  11:37  Overlord x3  
Tags
 
Add a new tag
Caveats
  • Supply blocks, unpowered buildings, or Contaminate may cause inaccurate times.
  • Supply counts are checked every 10 seconds.